 Dungeon Crawl Stone Soup version 0.18.1-48-g4cf74bf (webtiles) character file.

819 Inkary the Skirmisher (level 7, -5/63 HPs)
             Began as a Minotaur Fighter on Aug 30, 2016.
             Slain by Inkary's ghost (12 damage)
             ... on level 5 of the Dungeon.
             The game lasted 00:06:12 (3197 turns).

Inkary the Skirmisher (Minotaur Fighter)            Turns: 3197, Time: 00:06:13

Health: -5/63      AC:  8    Str: 21    XL:     7   Next: 63%
Magic:  6/6        EV: 13    Int: 10    God:
Gold:   73         SH: 12    Dex: 19    Spells: 0 memorised, 6 levels left

rFire  + . .     SeeInvis .     y - +7 long sword of Income {pain, +Inv rPois rF+ rN+ Dex+3}
rCold  . . .     Gourm    .     b - +0 scale mail
rNeg   + . .     Faith    +     c - +1 shield
rPois  +         Spirit   .     (helmet restricted)
rElec  .         Dismiss  .     l - +0 cloak
rCorr  .         Reflect  .     (no gloves)
SustAt .         Harm     .     (no boots)
MR     .....                    k - amulet of faith
Stlth  +.........               (no ring)
                                (no ring)

@: brilliant, agile, exhausted, slowed, very slow, not resistant to hostile
enchantments, very unstealthy
A: retaliatory headbutt, horns 2
a: Evoke Invisibility


You were on level 5 of the Dungeon.
You were hungry.

You visited 2 branches of the dungeon, and saw 6 of its levels.

You collected 166 gold pieces.
You spent 93 gold pieces at shops.

Inventory:

Hand Weapons
 y - the +7 long sword of Income (weapon) {pain, +Inv rPois rF+ rN+ Dex+3}
   (You found it on level 4 of the Dungeon)

   In the hands of one skilled in necromantic magic, it inflicts extra damage on
   living creatures.
   It affects your dexterity (+3).
   It protects you from fire.
   It protects you from poison.
   It protects you from negative energy.
   It lets you turn invisible.
Armour
 b - a +0 scale mail (worn)
 c - a +1 shield (worn)
 l - a +0 cloak (worn)
Jewellery
 k - an amulet of faith (around neck)
 A - an uncursed amulet of rage {unknown}
Wands
 q - a wand of slowing (28/48)
Scrolls
 e - 2 scrolls of remove curse
 g - 2 scrolls of enchant weapon {unknown}
 h - a scroll of enchant armour
 m - a scroll of magic mapping {unknown}
 u - 2 scrolls of teleportation
 v - 2 scrolls of blinking {unknown}
Potions
 a - a potion of haste {unknown}
 i - 2 potions of lignification
 j - a potion of flight
 p - a potion of ambrosia
 t - 3 potions of curing
Books
 w - a Grand Grimoire

   Spells                             Type                      Level
   a - Monstrous Menagerie            Summoning                    7
   b - Summon Greater Demon           Summoning                    7
   c - Malign Gateway                 Summoning/Translocation      7
   d - Summon Horrible Things         Summoning                    8
Comestibles
 d - 2 slices of pizza
 f - 6 bread rations
 n - 2 meat rations
 o - 3 beef jerkies


   Skills:
 + Level 6.3 Fighting
 + Level 3.2 Long Blades
   Level 4.6 Maces & Flails
 + Level 6.1 Armour
 + Level 6.2 Shields


You had 6 spell levels left.
You didn't know any spells.

Dungeon Overview and Level Annotations

Branches:
Dungeon (5/15)             Temple (1/1) D:5

Altars:
Ashenzari
Cheibriados
Dithmenos
Elyvilon
Fedhas
Gozag
Makhleb
Nemelex Xobeh
Pakellas
Qazlal
Ru
Sif Muna
Trog
Vehumet
Yredelemnul
The Shining One

Shops:
D:4 *[

Annotations:
D:5 Inkary's ghost, novice HOGl


Innate Abilities, Weirdness & Mutations

You reflexively headbutt those who attack you in melee.
You have a pair of horns on your head.


Message History

Inkary's ghost is severely damaged.
You block Inkary's ghost's attack.
Inkary's ghost hits you but does no damage.
You hit Inkary's ghost but do no damage.
You headbutt Inkary's ghost, but do no damage.
Inkary's ghost is severely damaged.
You block Inkary's ghost's attack. x2
You hit Inkary's ghost but do no damage.
Your headbutt misses Inkary's ghost.
Inkary's ghost is severely damaged.
Inkary's ghost closely misses you. You furiously retaliate!
You headbutt Inkary's ghost. Inkary's ghost hits you.
* * * LOW HITPOINT WARNING * * *
You hit Inkary's ghost but do no damage.
You headbutt Inkary's ghost, but do no damage.
Inkary's ghost is severely damaged.
Inkary's ghost hits you.
* * * LOW HITPOINT WARNING * * *
Inkary's ghost hits you!
You die...

#.##.# #.##.8 #.##.# #.##.# ####
#.##.# #.##.# ....# #.##.# #.##.#
.....##.##.# #.##.# .r....#..#.#
####.##.# .#....##...# #........
###...##.############# #.##.....
#y#...r...>.rrrW@....####.#####..
###...##############......# ###
.#.W..# ######## ......# .....##
....# ####


You could see Inkary's ghost and 3 rats.

Vanquished Creatures
  An ogre (D:5)
  A centaur (D:5)
  A giant frog (D:4)
  2 jellies (D:5)
  A giant frog skeleton (D:4)
  4 hounds
  3 orc wizards
  3 worker ants (D:4)
  Robin (D:2)
  6 adders
  An ooze (D:4)
  4 worms
  2 dart slugs
  7 giant geckos
  16 orcs
  9 bats
  5 giant cockroaches
  10 hobgoblins
  11 jackals
  2 quokkas
  6 giant newts
  17 goblins
  4 kobolds
  A quokka skeleton (D:4)
  8 rats
126 creatures vanquished.

Notes
Turn   | Place    | Note
--------------------------------------------------------------
     0 | D:1      | Inkary the Minotaur Fighter began the quest for the Orb.
     0 | D:1      | Reached XP level 1. HP: 19/19 MP: 0/0
   154 | D:1      | Reached XP level 2. HP: 27/27 MP: 1/1
   696 | D:2      | Reached XP level 3. HP: 13/33 MP: 2/2
  1023 | D:2      | Reached XP level 4. HP: 38/40 MP: 3/3
  1099 | D:2      | Noticed Robin
  1114 | D:2      | Killed Robin
  1465 | D:3      | Reached XP level 5. HP: 35/47 MP: 4/4
  1774 | D:4      | Found a basalt altar of Yredelemnul.
  1789 | D:4      | Reached skill level 5 in Fighting
  1789 | D:4      | Reached skill level 5 in Armour
  1789 | D:4      | Reached skill level 5 in Shields
  1902 | D:4      | Reached XP level 6. HP: 55/56 MP: 5/5
  2300 | D:4      | Got a fine long sword
  2301 | D:4      | Identified the +7 long sword of Income {pain, +Inv rPois rF+ rN+ Dex+3} (You found it on level 4 of the Dungeon)
  2420 | D:4      | Found Ompoplerph's Assorted Antiques.
  2425 | D:4      | Bought a scroll labeled EVVUUH JO EFEO for 31 gold pieces
  2425 | D:4      | Bought a scroll labeled HADUAFE KEELOI for 31 gold pieces
  2425 | D:4      | Bought a scroll labeled KAOHUCZ VIHORR for 31 gold pieces
  2496 | D:4      | Found Doiwn's Antique Armour Emporium.
  2549 | D:4      | Found a sacrificial altar of Ru.
  2603 | D:4      | Found a radiant altar of Vehumet.
  2607 | D:4      | Reached skill level 1 in Long Blades
  2771 | D:5      | Entered Level 5 of the Dungeon
  2837 | D:5      | Reached XP level 7. HP: 59/62 MP: 6/6
  3027 | D:5      | Found a staircase to the Ecumenical Temple.
  3039 | Temple   | Entered the Ecumenical Temple
  3141 | D:5      | Noticed a moth of wrath
  3157 | D:5      | Noticed Inkary's ghost (novice HOGl)
  3157 | D:5      | Found a bloodstained altar of Trog.
  3197 | D:5      | Slain by Inkary's ghost

Skill      XL: |  1  2  3  4  5  6  7 |
---------------+----------------------+-----
Shields        | 4 5 6 |  6.2
Fighting       | 4 5 6 |  6.3
Maces & Flails | 3 4 |  4.6
Armour         | 4 5 6 |  6.1
Long Blades    | 1 3 |  3.2

Action                   |  1- 3 |  4- 6 |  7- 9 || total
-------------------------+-------+-------+-------++-------
Melee: Flail             |   109 |   161 |       ||   270
       Headbutt          |    10 |    29 |     8 ||    47
       Long sword        |       |    35 |    43 ||    78
  Use: Potion            |       |     1 |     5 ||     6
       Scroll            |       |     9 |       ||     9
  Eat: Chunk             |       |     7 |     1 ||     8
Armor: Scale mail        |    52 |    95 |     8 ||   155
Dodge: Dodged            |    45 |    75 |    15 ||   135
Block: Shield            |    59 |   122 |    26 ||   207
